 Dungeon Crawl Stone Soup version 0.20.0-15-g7f486f2 (webtiles) character file.

2842 pib the Destroyer (level 9, -1/54 HPs)
             Began as a Deep Elf Conjurer on June 10, 2017.
             Was a Believer of Sif Muna.
             Slain by a two-headed ogre
             ... wielding a +0 giant club
              (16 damage)
             ... on level 9 of the Dungeon on June 11, 2017.
             The game lasted 00:42:39 (9015 turns).

pib the Destroyer (Deep Elf Conjurer)               Turns: 9015, Time: 00:42:39

Health: -1/54      AC:  4    Str:  5    XL:     9   Next: 46%
Magic:  8/21       EV: 12    Int: 24    God:    Sif Muna [**....]
Gold:   126        SH:  5    Dex: 15    Spells: 9/21 levels left

rFire    . . .     SeeInvis .   R - staff of poison
rCold    . . .     Gourm    .   C - +2 buckler
rNeg     . . .     Faith    .   a - +0 robe
rPois    +         Spirit   .   (no helmet)
rElec    .         Reflect  .   (no cloak)
rCorr    +         Harm     .   D - +0 pair of gloves
MR       .....                  g - +0 pair of boots
Stlth    +++.......             (no amulet)
Regen    0.2/turn               h - +2 ring of slaying
MPRegen  0.2/turn               x - ring of resist corrosion

@: no status effects
A: no striking features
a: Divine Energy, Renounce Religion


You were on level 9 of the Dungeon.
You worshipped Sif Muna.
Sif Muna was pleased with you.
You were hungry.

You visited 2 branches of the dungeon, and saw 10 of its levels.

You collected 631 gold pieces.
You spent 505 gold pieces at shops.

Inventory:

Hand Weapons
 d - a +0 club
 e - a +0 dagger
 y - a +0 hand crossbow
Missiles
 B - 20 bolts
Armour
 a - a +0 robe (worn)
 g - a +0 pair of boots (worn)
 n - a +0 buckler
 C - a +2 buckler (worn)
 D - a +0 pair of gloves (worn)
Magical Staves
 R - an uncursed staff of poison (weapon)
Jewellery
 h - a +2 ring of slaying (left hand)
 u - an uncursed ring of flight
 x - a ring of resist corrosion (right hand)
 N - an uncursed ring of fire {unknown}
 P - an uncursed ring of ice
 S - an uncursed amulet of guardian spirit
Wands
 H - a wand of acid (12/15)
Scrolls
 j - a scroll of blinking {unknown}
 k - 3 scrolls of fog {unknown}
 r - 2 scrolls of magic mapping {unknown}
 s - a scroll of remove curse {unknown}
 t - a scroll of noise {unknown}
 G - 2 scrolls of amnesia {unknown}
 I - a scroll of random uselessness {unknown}
 J - 2 scrolls of enchant weapon {unknown}
 O - a scroll of enchant armour {unknown}
Potions
 f - 3 potions of mutation {unknown}
 l - a potion of cancellation {unknown}
 m - 4 potions of curing
 p - 2 potions of heal wounds {unknown}
 q - 3 potions of flight {unknown}
 w - a potion of ambrosia {unknown}
 A - a potion of might {unknown}
 E - 3 potions of haste
 K - 2 potions of brilliance {unknown}
 M - a potion of invisibility {unknown}
 Q - a potion of lignification {unknown}
 T - a potion of magic
Books
 b - a book of Conjurations

   Spells                             Type                      Level
   a - Magic Dart                     Conjuration                  1
   b - Searing Ray                    Conjuration                  2
   c - Dazzling Spray                 Conjuration/Hexes            3
   d - Fulminant Prism                Conjuration/Hexes            4
   e - Force Lance                    Conjuration/Translocation    4
   f - Iskenderun's Mystic Blast      Conjuration                  4
 v - a book of Dreams

   Spells                             Type                      Level
   a - Ensorcelled Hibernation        Hexes/Ice                    2
   b - Silence                        Hexes/Air                    5
   c - Darkness                       Hexes                        6
   d - Shadow Creatures               Summoning                    6
Comestibles
 c - 2 bread rations
 z - a meat ration
 F - 4 fruits
 L - 12 royal jellies


   Skills:
 - Level 5.2 Fighting
 - Level 2.4 Dodging
 + Level 6.1 Stealth
 - Level 6.7 Spellcasting
 + Level 9.5 Conjurations
 - Level 7.1 Hexes


You had 9 spell levels left.
You knew the following spells:

 Your Spells              Type           Power        Failure   Level  Hunger
a - Magic Dart            Conj           ####         1%          1    None
b - Searing Ray           Conj           ######       1%          2    None
c - Dazzling Spray        Conj/Hex       #####.       1%          3    None
d - Fulminant Prism       Conj/Hex       #####.....   4%          4    ###....
e - Ensorcelled Hibernat  Hex/Ice        ####..       4%          2    None


Dungeon Overview and Level Annotations

Branches:
Dungeon (9/15)             Temple (1/1) D:5
   Lair: D:8-11         Orc: D:9-12

Altars:
Cheibriados
Elyvilon
Fedhas
Gozag
Kikubaaqudgha
Makhleb
Nemelex Xobeh
Qazlal
Ru
Sif Muna
Uskayaw
Vehumet
Xom
Yredelemnul
Zin

Shops:
D:6 [   D:9 !

Annotations:
D:5 Edmund
D:9 Erolcha


Message History

Casting: Searing Ray
Confirm with . or Enter, or press ? or * to list all spells.
Aiming: Dazzling Spray
Press: ? - help, Shift-Dir - straight line, f/p - two-headed ogre
Aim: a two-headed ogre, wielding two giant clubs (heavily wounded, blind)
The spray of energy hits the two-headed ogre.
The two-headed ogre is heavily wounded.
The two-headed ogre is no longer blind.
The two-headed ogre hits you with a giant club!!
The two-headed ogre hits you with a giant club!
* * * LOW HITPOINT WARNING * * *
Casting: Dazzling Spray
Confirm with . or Enter, or press ? or * to list all spells.
Aiming: Dazzling Spray
Press: ? - help, Shift-Dir - straight line, f/p - two-headed ogre
Aim: a two-headed ogre, wielding two giant clubs (heavily wounded)
The spray of energy hits the two-headed ogre.
The two-headed ogre is severely wounded.
The two-headed ogre hits you with a giant club!
You die...

.###. ... ....... #.#..
.....#.# ...#...##.###
...##.## ....... ....# #
...... ....... #...# ...
#.##.# ...#...##.#.#
....##.##.###n...........#
...................$...... .
##....O......... #.#.# ..
#.##@####..#...##..). #..
#.##...............[.
....######.##.####..#........#
..#...........................
..............##.#..#.#.####.#
..............##.#..#.# #.#
#.#.####......##.#..#.# #.# #
#......##.#.##.# # #.#
#......##.#.##.#.# #.#


You could see a two-headed ogre and a necrophage.

Vanquished Creatures
  Prince Ribbit (D:9)
  A wyvern (D:9)
  A hungry ghost (D:9)
  Menkaure (D:5)
  A sky beast (D:9)
  A black bear (D:9)
  An ice beast (D:5)
  3 centaurs
  6 ogres
  3 scorpions
  5 crimson imps
  A quasit (D:9)
  A bullfrog zombie (D:6)
  4 hounds
  5 jellies
  A centaur skeleton (D:7)
  An iguana (D:6)
  10 worker ants
  A hound zombie (D:7)
  A hound skeleton (D:7)
  11 adders
  2 shadow imps
  6 oozes
  An adder zombie (D:5)
  4 worms
  3 dart slugs
  8 leopard geckos
  3 orcs (D:7)
  3 ball pythons
  4 bats
  6 giant cockroaches
  5 goblins
  5 hobgoblins
  12 jackals
  7 quokkas
  6 frilled lizards
  A jackal skeleton (D:5)
  7 kobolds
  A leopard gecko skeleton (D:6)
  3 rats
147 creatures vanquished.

Vanquished Creatures (others)
  A phantom (D:8)
  2 wights (D:8)
  A hound (D:8)
  5 fulminant prisms (D:9)
9 creatures vanquished.

Grand Total: 156 creatures vanquished

Notes
Turn   | Place    | Note
-------+----------+-------------------------------------------
     0 | D:1      | pib the Deep Elf Conjurer began the quest for the Orb.
     0 | D:1      | Reached XP level 1. HP: 10/10 MP: 6/6
   162 | D:1      | Reached XP level 2. HP: 15/15 MP: 4/8
   344 | D:1      | Reached skill level 5 in Conjurations
   376 | D:1      | Learned a level 2 spell: Searing Ray
   720 | D:1      | Reached XP level 3. HP: 19/19 MP: 2/10
   933 | D:2      | Found a basalt altar of Yredelemnul.
  1083 | D:2      | Learned a level 3 spell: Dazzling Spray
  1303 | D:2      | Reached XP level 4. HP: 24/24 MP: 8/12
  1313 | D:2      | Learned a level 4 spell: Fulminant Prism
  1537 | D:3      | Reached skill level 1 in Hexes
  1850 | D:3      | Reached skill level 6 in Conjurations
  2481 | D:4      | Reached XP level 5. HP: 12/28 MP: 2/13
  2676 | D:4      | Noticed a centaur
  2785 | D:4      | Noticed an ogre
  2951 | D:4      | Killed a centaur
  2951 | D:4      | Reached skill level 7 in Conjurations
  2951 | D:4      | Reached XP level 6. HP: 3/32 MP: 1/14
  3851 | D:5      | Entered Level 5 of the Dungeon
  3925 | D:5      | Found a staircase to the Ecumenical Temple.
  3943 | Temple   | Entered the Ecumenical Temple
  4062 | Temple   | Became a worshipper of Sif Muna the Loreminder
  4226 | D:5      | Noticed an ice beast
  4255 | D:5      | Noticed Edmund
  4428 | D:5      | Reached skill level 5 in Hexes
  4800 | D:5      | Reached XP level 7. HP: 33/36 MP: 8/16
  4855 | D:5      | Noticed Menkaure
  4859 | D:5      | Killed Menkaure
  4859 | D:5      | Reached skill level 5 in Spellcasting
  5204 | D:6      | Found a burning altar of Makhleb.
  5205 | D:6      | Noticed a balrug
  5384 | D:6      | Reached skill level 1 in Fighting
  5574 | D:6      | Reached XP level 8. HP: 42/44 MP: 10/19
  5652 | D:6      | Reached skill level 5 in Stealth
  5685 | D:6      | Found Xomiagaf's Armour Shop.
  5688 | D:6      | Bought a +0 pair of gloves for 63 gold pieces
  7199 | D:8      | Noticed a death yak
  7199 | D:8      | Noticed a death yak
  7240 | D:8      | Reached * piety under Sif Muna
  7272 | D:8      | Noticed a death yak
  7545 | D:9      | Noticed Prince Ribbit
  7656 | D:9      | Learned a level 2 spell: Ensorcelled Hibernation
  7715 | D:9      | Reached skill level 8 in Conjurations
  7790 | D:9      | Found Syedgheux's Distillery.
  7802 | D:9      | Reached XP level 9. HP: 52/52 MP: 14/21
  7854 | D:9      | Bought 2 potions of haste for 260 gold pieces
  7854 | D:9      | Bought a potion of magic for 104 gold pieces
  7854 | D:9      | Bought a potion of curing for 39 gold pieces
  7854 | D:9      | Bought a potion of curing for 39 gold pieces
  8053 | D:9      | Noticed Erolcha
  8168 | D:9      | Noticed a troll
  8175 | D:9      | Reached skill level 5 in Fighting
  8177 | D:9      | Noticed a two-headed ogre
  8178 | D:9      | Killed Prince Ribbit
  8178 | D:9      | Reached skill level 9 in Conjurations
  8863 | D:9      | Reached ** piety under Sif Muna
  9015 | D:9      | Slain by a two-headed ogre

Skill      XL: |  1  2  3  4  5  6  7  8  9 |
---------------+----------------------------+-----
Conjurations   | 5 6 7 8 9 |  9.5
Spellcasting   | 4 6 |  6.7
Hexes          | 2 4 5 6 7 |  7.1
Stealth        | 4 5 6 |  6.1
Fighting       | 2 4 5 |  5.2
Dodging        | |  2.4

Action                   |  1- 3 |  4- 6 |  7- 9 || total
-------------------------+-------+-------+-------++-------
Melee: Club              |     1 |       |       ||     1
       Dagger            |       |     1 |       ||     1
 Cast: Magic Dart        |    89 |   109 |   125 ||   323
       Searing Ray       |       |    11 |    30 ||    41
       Dazzling Spray    |       |    20 |    46 ||    66
       Fulminant Prism   |       |       |     5 ||     5
  Use: Potion            |       |     1 |       ||     1
       Scroll            |       |     2 |     5 ||     7
 Stab: Sleeping          |       |     1 |       ||     1
  Eat: Chunk             |     1 |     9 |     8 ||    18
       Bread ration      |       |     1 |       ||     1
       Meat ration       |       |       |     1 ||     1
Armor: Robe              |     4 |     4 |     7 ||    15
Dodge: Dodged            |     8 |    19 |    31 ||    58
Block: Buckler           |       |       |    16 ||    16
